IL
SYRACUSE CHIEFS @ OKLAHOMA CITY DODGERS
09/05/2045
 
TOP OF THE 1ST
Syracuse Chiefs batting - Pitching for Oklahoma City Dodgers : RHP Eddie Usrey
Pitching: RHP Eddie Usrey
Batting: RHB Ke-yue Hong 0-0: Called Strike
0-1: Ball
1-1: Ground out 6-3 (Groundball, 6D, EV 98.8 MPH)
Batting: RHB Donovan Auclair 0-0: Ball
1-0: Called Strike
1-1: Called Strike
1-2: Fly out, F9 (Flyball, 89M, EV 85.6 MPH)
Batting: LHB Dana McDonald 0-0: Ball
1-0: Ball
2-0: Called Strike
2-1: Foul Ball, location: 2F
2-2: SINGLE (Line Drive, 8RS, EV 102.5 MPH)
Batting: SHB Alex Ethridge 0-0: Ball
1-0: Called Strike
Dana McDonald steals 2nd base
1-1: Called Strike
1-2: Ball
2-2: Foul Ball, location: 2F
2-2: Foul Ball, location: 2F
2-2: Foul Ball, location: 2F
2-2: Ground out 6-3 (Groundball, 6, EV 87.5 MPH)
Top of the 1st over - 0 runs, 1 hit, 0 errors, 1 left on base; Syracuse 0 - Oklahoma City 0
BOTTOM OF THE 1ST
Oklahoma City Dodgers batting - Pitching for Syracuse Chiefs : LHP Mike Tracy
Pitching: LHP Mike Tracy
Batting: LHB Frank Mullen 0-0: Ball
1-0: Foul Ball, location: 2F
1-1: Ball
2-1: Foul Ball, location: 2F
2-2: Ball
3-2: Foul Ball, location: 2F
3-2: Ground out 6-3 (Groundball, 6, EV 78.8 MPH)
Batting: RHB Jeremy Giesler 0-0: Ground out 6-3 (Groundball, 6, EV 106.9 MPH)
Batting: RHB Justin Anastasio 0-0: Ball
1-0: Swinging Strike
1-1: Ball
2-1: Ground out 5-3 (Groundball, 56, EV 83.8 MPH)
Bottom of the 1st over - 0 runs, 0 hits, 0 errors, 0 left on base; Syracuse 0 - Oklahoma City 0
TOP OF THE 2ND
Syracuse Chiefs batting - Pitching for Oklahoma City Dodgers : RHP Eddie Usrey
Batting: LHB Erik Beezley 0-0: Swinging Strike
0-1: Ball
1-1: Fly out, F7 (Flyball, 78S, EV 89.4 MPH)
Batting: RHB Rene Montoya 0-0: Swinging Strike
0-1: Ball
1-1: Ground out 4-3 (Groundball, 34, EV 96.2 MPH)
Batting: RHB Pat Drader 0-0: Called Strike
0-1: Ball
1-1: Ball
2-1: Swinging Strike
2-2: Strikes out swinging
Top of the 2nd over - 0 runs, 0 hits, 0 errors, 0 left on base; Syracuse 0 - Oklahoma City 0
BOTTOM OF THE 2ND
Oklahoma City Dodgers batting - Pitching for Syracuse Chiefs : LHP Mike Tracy
Batting: RHB Alex Mejia 0-0: Called Strike
0-1: Called Strike
0-2: Fly out, F3 (Flyball, 3D, EV 91.2 MPH)
Batting: LHB Kevin Wiebe 0-0: Ball
1-0: Called Strike
1-1: Foul Ball, location: 2F
1-2: Ball
2-2: Strikes out swinging
Batting: RHB Dave Cordero 0-0: Ball
1-0: Fly out, F8 (Flyball, 8LXD, EV 101.2 MPH)
Bottom of the 2nd over - 0 runs, 0 hits, 0 errors, 0 left on base; Syracuse 0 - Oklahoma City 0
TOP OF THE 3RD
Syracuse Chiefs batting - Pitching for Oklahoma City Dodgers : RHP Eddie Usrey
Batting: RHB John McNeill 0-0: Swinging Strike
0-1: Ball
1-1: Ball
2-1: Fly out, F8 (Flyball, 78D, EV 105.0 MPH)
Batting: RHB Chris Pynn 0-0: Called Strike
0-1: Swinging Strike
0-2: Ball
1-2: Foul Ball, location: 2F
1-2: Strikes out looking
Batting: RHB Ke-yue Hong 0-0: Foul Ball, location: 2F
0-1: Fly out, F7 (Flyball, 78M, EV 84.4 MPH)
Top of the 3rd over - 0 runs, 0 hits, 0 errors, 0 left on base; Syracuse 0 - Oklahoma City 0
BOTTOM OF THE 3RD
Oklahoma City Dodgers batting - Pitching for Syracuse Chiefs : LHP Mike Tracy
Batting: LHB Dalton Silveira 0-0: SOLO HOME RUN (Flyball, 9D, EV 93.1 MPH), Distance : 356 ft
Batting: RHB Sean Tanner 0-0: Swinging Strike
0-1: Ball
1-1: Ball
2-1: Foul Ball, location: 2F
2-2: Ball
3-2: Foul Ball, location: 2F
3-2: Strikes out swinging
Batting: RHB Ashton Crenshaw 0-0: SINGLE (Groundball, 56D, EV 105.6 MPH)
Batting: LHB Frank Mullen 0-0: Ball
Pickoff Throw to First - Out! 1-3
1-0: Ball
2-0: Ground out U3 (Groundball, 3L, EV 89.4 MPH)
Bottom of the 3rd over - 1 run, 2 hits, 0 errors, 0 left on base; Syracuse 0 - Oklahoma City 1
TOP OF THE 4TH
Syracuse Chiefs batting - Pitching for Oklahoma City Dodgers : RHP Eddie Usrey
Batting: RHB Donovan Auclair 0-0: Called Strike
0-1: Ball
1-1: Swinging Strike
1-2: Strikes out swinging
Batting: LHB Dana McDonald 0-0: Called Strike
0-1: Foul Ball, location: 2F
0-2: Strikes out swinging
Batting: SHB Alex Ethridge 0-0: Called Strike
0-1: Ball
1-1: Foul Ball, location: 2F
1-2: Strikes out swinging
Top of the 4th over - 0 runs, 0 hits, 0 errors, 0 left on base; Syracuse 0 - Oklahoma City 1
BOTTOM OF THE 4TH
Oklahoma City Dodgers batting - Pitching for Syracuse Chiefs : LHP Mike Tracy
Batting: RHB Jeremy Giesler 0-0: Ball
1-0: Ball
2-0: Ball
3-0: Base on Balls
Batting: RHB Justin Anastasio 0-0: Ball
1-0: Foul Ball, location: 2F
1-1: 2-RUN HOME RUN (Flyball, 78XD, EV 100.0 MPH), Distance : 394 ft
Batting: RHB Alex Mejia 0-0: Ground out 6-3 (Groundball, 6, EV 86.9 MPH)
Batting: LHB Kevin Wiebe 0-0: Called Strike
0-1: Ball
1-1: Called Strike
1-2: Strikes out looking
Batting: RHB Dave Cordero 0-0: SOLO HOME RUN (Flyball, 78XD, EV 102.5 MPH), Distance : 395 ft
Batting: LHB Dalton Silveira 0-0: Swinging Strike
0-1: Ball
1-1: Foul Ball, location: 2F
1-2: Strikes out swinging
Bottom of the 4th over - 3 runs, 2 hits, 0 errors, 0 left on base; Syracuse 0 - Oklahoma City 4
TOP OF THE 5TH
Syracuse Chiefs batting - Pitching for Oklahoma City Dodgers : RHP Eddie Usrey
Batting: LHB Erik Beezley 0-0: Ball
1-0: Foul Ball, location: 2F
1-1: SINGLE (Groundball, 4MD, EV 100.0 MPH)
Batting: RHB Rene Montoya 0-0: Ball
1-0: Called Strike
1-1: Ball
2-1: Called Strike
2-2: Ball
3-2: Strikes out swinging
Batting: RHB Pat Drader 0-0: Called Strike
0-1: Foul Ball, location: 2F
0-2: Strikes out swinging
Batting: RHB John McNeill 0-0: Called Strike
Erik Beezley steals 2nd base
0-1: Foul Ball, location: 2F
0-2: Foul Ball, location: 2F
0-2: Ball
1-2: Foul Ball, location: 2F
1-2: Ball
2-2: Ball
3-2: Strikes out swinging
Top of the 5th over - 0 runs, 1 hit, 0 errors, 1 left on base; Syracuse 0 - Oklahoma City 4
BOTTOM OF THE 5TH
Oklahoma City Dodgers batting - Pitching for Syracuse Chiefs : LHP Mike Tracy
Batting: RHB Sean Tanner 0-0: Called Strike
0-1: Swinging Strike
0-2: Strikes out swinging
Batting: RHB Ashton Crenshaw 0-0: Called Strike
0-1: Ball
1-1: Called Strike
1-2: Foul Ball, location: 2F
1-2: Ball
2-2: Ball
3-2: SINGLE (Groundball, P, EV 86.2 MPH) (infield hit)
Batting: LHB Frank Mullen 0-0: Called Strike
0-1: Foul Ball, location: 2F
0-2: Foul Ball, location: 2F
0-2: Ball
1-2: Ball
2-2: Fly out, F5 (Line Drive, 5, EV 73.8 MPH)
Batting: RHB Jeremy Giesler 0-0: Called Strike
0-1: Called Strike
0-2: Foul Ball, location: 2F
0-2: Foul Ball, location: 2F
0-2: Ball
1-2: Ball
2-2: Ball
3-2: Ground out 4-3 (Groundball, 4, EV 88.8 MPH)
Bottom of the 5th over - 0 runs, 1 hit, 0 errors, 1 left on base; Syracuse 0 - Oklahoma City 4
TOP OF THE 6TH
Syracuse Chiefs batting - Pitching for Oklahoma City Dodgers : RHP Eddie Usrey
Batting: RHB Chris Pynn 0-0: Ball
1-0: Foul Ball, location: 2F
1-1: Foul Ball, location: 2F
1-2: SINGLE (Groundball, 6MD, EV 98.1 MPH)
Batting: RHB Ke-yue Hong 0-0: Ball
1-0: Called Strike
1-1: Swinging Strike
1-2: Grounds into double play, 6-4-3 (Groundball, 6M, EV 84.4 MPH)
Batting: RHB Donovan Auclair 0-0: Ball
1-0: Called Strike
1-1: Called Strike
1-2: Ground out 5-3 (Groundball, 56S, EV 82.5 MPH)
Top of the 6th over - 0 runs, 1 hit, 0 errors, 0 left on base; Syracuse 0 - Oklahoma City 4
BOTTOM OF THE 6TH
Oklahoma City Dodgers batting - Pitching for Syracuse Chiefs : LHP Mike Tracy
Batting: RHB Justin Anastasio 0-0: Ball
1-0: Ball
2-0: Ground out 6-3 (Groundball, 6, EV 103.1 MPH)
Batting: RHB Alex Mejia 0-0: Ball
1-0: Ball
2-0: Called Strike
2-1: Swinging Strike
2-2: Ball
3-2: Foul Ball, location: 2F
3-2: Foul Ball, location: 2F
3-2: Base on Balls
Batting: LHB Kevin Wiebe 0-0: Called Strike
0-1: Foul Ball, location: 2F
0-2: Ball
1-2: Foul Ball, location: 2F
1-2: Ball
2-2: Grounds into double play, 4-6-3 (Groundball, 4M, EV 86.9 MPH)
Bottom of the 6th over - 0 runs, 0 hits, 0 errors, 0 left on base; Syracuse 0 - Oklahoma City 4
TOP OF THE 7TH
Syracuse Chiefs batting - Pitching for Oklahoma City Dodgers : RHP Eddie Usrey
Batting: LHB Dana McDonald 0-0: Swinging Strike
0-1: Ball
1-1: SINGLE (Flyball, 4D, EV 93.1 MPH)
Batting: SHB Alex Ethridge 0-0: Fielders Choice at 2nd, 6-4 (Groundball, 6, EV 83.1 MPH)
Batting: LHB Erik Beezley 0-0: Ball
1-0: Swinging Strike
1-1: Ball
2-1: Fly out, F8 (Flyball, 8RD, EV 110.0 MPH)
Batting: RHB Rene Montoya 0-0: Ball
1-0: Ball
2-0: Ball
3-0: Called Strike
3-1: Fly out, F9 (Flyball, 9LD, EV 91.9 MPH)
Top of the 7th over - 0 runs, 1 hit, 0 errors, 1 left on base; Syracuse 0 - Oklahoma City 4
BOTTOM OF THE 7TH
Oklahoma City Dodgers batting - Pitching for Syracuse Chiefs : LHP Mike Tracy
Pitching: RHP Kenny Medina
Batting: RHB Dave Cordero 0-0: Ball
1-0: Called Strike
1-1: Called Strike
1-2: Ball
2-2: Foul Ball, location: 2F
2-2: Fly out, F9 (Line Drive, 9, EV 102.5 MPH)
Batting: LHB Dalton Silveira 0-0: Ball
1-0: Ball
2-0: Ground out 3-1 (Groundball, 34S, EV 87.5 MPH)
Batting: RHB Sean Tanner 0-0: Foul Ball, location: 2F
0-1: SOLO HOME RUN (Line Drive, 7LD, EV 93.8 MPH), Distance : 346 ft
Batting: RHB Ashton Crenshaw 0-0: Ball
1-0: Ground out 5-3 (Groundball, 56, EV 83.1 MPH)
Bottom of the 7th over - 1 run, 1 hit, 0 errors, 0 left on base; Syracuse 0 - Oklahoma City 5
TOP OF THE 8TH
Syracuse Chiefs batting - Pitching for Oklahoma City Dodgers : RHP Eddie Usrey
Batting: RHB Pat Drader 0-0: Ball
1-0: Foul Ball, location: 2F
1-1: Ball
2-1: Ball
3-1: Called Strike
3-2: Strikes out looking
Pitching: RHP J.J. Riley
Batting: RHB John McNeill 0-0: Fly out, F8 (Flyball, 89M, EV 87.5 MPH)
Batting: RHB Chris Pynn 0-0: Ball
1-0: Foul Ball, location: 2F
1-1: Ball
2-1: Ball
3-1: Ground out 5-3 (Groundball, 56, EV 81.2 MPH)
Top of the 8th over - 0 runs, 0 hits, 0 errors, 0 left on base; Syracuse 0 - Oklahoma City 5
BOTTOM OF THE 8TH
Oklahoma City Dodgers batting - Pitching for Syracuse Chiefs : RHP Kenny Medina
Batting: LHB Frank Mullen 0-0: Called Strike
0-1: Ball
1-1: Ball
2-1: Foul Ball, location: 2F
2-2: Foul Ball, location: 2F
2-2: Ball
3-2: Base on Balls
Batting: RHB Jeremy Giesler 0-0: Ball
1-0: Called Strike
1-1: Ball
2-1: Ball
3-1: Base on Balls
Frank Mullen to second
Pitching: LHP Jose Torres
Batting: RHB Justin Anastasio 0-0: Called Strike
0-1: Foul Ball, location: 2F
0-2: Ball
1-2: Foul Ball, location: 2F
1-2: Ball
2-2: Foul Ball, location: 2F
2-2: Foul Ball, location: 2F
2-2: Strikes out swinging
Batting: RHB Alex Mejia 0-0: Ball
1-0: Fielders Choice at 2nd, 4-6 (Groundball, 4, EV 81.2 MPH)
Frank Mullen to third
Batting: LHB Kevin Wiebe 0-0: Ball
1-0: Swinging Strike
1-1: Foul Ball, location: 2F
1-2: Strikes out swinging
Bottom of the 8th over - 0 runs, 0 hits, 0 errors, 2 left on base; Syracuse 0 - Oklahoma City 5
TOP OF THE 9TH
Syracuse Chiefs batting - Pitching for Oklahoma City Dodgers : RHP J.J. Riley
Batting: RHB Ke-yue Hong 0-0: Called Strike
0-1: Swinging Strike
0-2: Hit by Pitch
Batting: RHB Donovan Auclair 0-0: DOUBLE (Groundball, 5L, EV 103.8 MPH)
Ke-yue Hong to third
Batting: LHB Dana McDonald 0-0: Ball
1-0: Called Strike
1-1: Foul Ball, location: 2F
1-2: Ball
2-2: Ball
3-2: Foul Ball, location: 2F
3-2: Base on Balls
Batting: SHB Alex Ethridge 0-0: Ball
1-0: Called Strike
1-1: Called Strike
1-2: Foul Ball, location: 2F
1-2: Strikes out swinging
Batting: LHB Erik Beezley 0-0: Foul Ball, location: 2F
0-1: Foul Ball, location: 2F
0-2: Ball
1-2: Strikes out swinging
Pinch Hitting: LHB Shinji Adachi 0-0: Ball
1-0: Ball
2-0: Called Strike
2-1: Ball
3-1: Swinging Strike
3-2: Foul Ball, location: 2F
3-2: Foul Ball, location: 2F
3-2: Strikes out looking
Top of the 9th over - 0 runs, 1 hit, 0 errors, 3 left on base; Syracuse 0 - Oklahoma City 5
Wednesday, June 22nd , 2022 - OOTP Baseball 23.4 Build 64